 Dungeon Crawl Stone Soup version 0.19-a0-1072-g3763c35 (webtiles) character file.

1213 DarthKuruptios the Cleaver (level 8, 0/74 HPs)
             Began as a Minotaur Berserker on Aug 5, 2016.
             Was a High Priest of Trog.
             Slain by an orc warrior
             ... wielding a +0 long sword
              (15 damage)
             ... on level 6 of the Dungeon.
             The game lasted 00:31:01 (4437 turns).

DarthKuruptios the Cleaver (Minotaur Berserker)     Turns: 4437, Time: 00:31:01

Health: 0/74       AC:  8    Str: 23    XL:     8   Next: 22%
Magic:  7/7        EV: 11    Int:  4    God:    Trog [*****.]
Gold:   211        SH:  0    Dex: 11    Spells: 0 memorised, 7 levels left

rFire  . . .     SeeInvis .     a - +1 hand axe
rCold  . . .     Gourm    .     d - +0 scale mail
rNeg   . . .     Faith    .     (no shield)
rPois  .         Spirit   .     (helmet restricted)
rElec  .         Dismiss  .     (no cloak)
rCorr  .         Reflect  .     l - +1 pair of gloves
SustAt .         Harm     .     (no boots)
MR     ++...                    (no amulet)
Stlth  ..........               (no ring)
                                (no ring)

@: regenerating
A: retaliatory headbutt, horns 2
a: Berserk, Trog's Hand, Brothers in Arms, Burn Spellbooks, Renounce Religion


You were on level 6 of the Dungeon.
You worshipped Trog.
Trog was extremely pleased with you.
You were hungry.

You visited 1 branch of the dungeon, and saw 6 of its levels.
You also visited: Sewer.

You collected 211 gold pieces.

Inventory:

Hand Weapons
 a - a +1 hand axe (weapon)
Missiles
 i - 2 javelins (quivered)
 s - 6 tomahawks
Armour
 d - a +0 scale mail (worn)
 l - a +1 pair of gloves (worn)
Wands
 y - a wand of polymorph (5/24)
Scrolls
 e - a scroll of identify
 j - a scroll of remove curse
 k - 3 scrolls of teleportation
 n - a scroll of enchant weapon
 t - 3 scrolls of blinking
 u - 4 scrolls of recharging
 A - a scroll of fog {unknown}
Potions
 b - a potion of might {unknown}
 g - 3 potions of haste
 h - 7 potions of curing
 m - 2 potions of brilliance
 p - a potion of mutation {unknown}
 v - 5 potions of heal wounds
 w - 2 potions of flight
 x - a potion of agility {unknown}
Comestibles
 c - 5 bread rations
 f - a slice of pizza
 o - 2 fruits
 q - a royal jelly
 r - 5 meat rations
 z - 17 chunks of flesh


   Skills:
 + Level 7.8 Fighting
 * Level 10.0 Axes
 - Level 2.7 Armour
 - Level 2.5 Dodging


You had 7 spell levels left.
You didn't know any spells.

Dungeon Overview and Level Annotations

Branches:
Dungeon (6/15)             Temple (0/1) D:4

Altars:
Dithmenos
Elyvilon
Fedhas
Kikubaaqudgha
Pakellas
Qazlal
Ru
Trog
Uskayaw
Yredelemnul

Shops:
D:4 =

Annotations:
D:4 go to Vumimaz's shop


Innate Abilities, Weirdness & Mutations

You reflexively headbutt those who attack you in melee.
You have a pair of horns on your head.


Message History

Your Axes skill increases to level 10!
You hit the orc warrior but do no damage.
You hit the orc warrior but do no damage.
Your headbutt misses the orc warrior.
The orc warrior is heavily wounded.
The orc warrior hits you with a long sword!
* * * LOW HITPOINT WARNING * * *
Unknown command.
You hit the orc warrior but do no damage.
The orc warrior is heavily wounded.
The orc warrior hits you with a long sword.
* * * LOW HITPOINT WARNING * * *
You hit the orc warrior but do no damage.
Your headbutt misses the orc warrior.
The orc warrior is heavily wounded.
Your skin crawls.
You feel resistant to hostile enchantments.
You feel somewhat more hungry.
The orc warrior hits you with a long sword!
You die...

..._...#
#...###..
#))...#.#
#)###.#.# #
#))...#.#
#.#.....#.# #
#...._..#.# #.#.#
#.......#o#.....#
#.#......@[...#
#.#######)#####
#. #.# # #.# #.#
..# #.# ###


You could see an orc warrior.

Vanquished Creatures
  The ghost of tijit the Poker, an amateur MfSk of Ashenzari (D:5)
  Sigmund (D:2)
  A big kobold (Sewer)
  Blork the orc (D:6)
  2 orc priests (D:6)
  4 orc wizards
  A giant frog skeleton (D:5)
  An iguana (D:5)
  3 worker ants
  A worker ant zombie (D:5)
  Robin (D:2)
  14 adders
  A gnoll (D:2)
  A howler monkey skeleton (D:4)
  7 river rats (Sewer)
  A shadow imp (D:5)
  2 oozes
  2 worms (D:2)
  3 dart slugs
  A giant gecko (D:4)
  22 orcs
  3 giant cockroaches
  22 goblins
  9 hobgoblins
  12 jackals
  A quokka (D:3)
  5 ball pythons
  7 bats
  8 giant newts
  21 kobolds
  A quokka zombie (D:5)
  26 rats
186 creatures vanquished.

Notes
Turn   | Place    | Note
-------+----------+-------------------------------------------
     0 | D:1      | DarthKuruptios the Minotaur Berserker began the quest for the Orb.
     0 | D:1      | Reached XP level 1. HP: 19/19 MP: 0/0
    99 | D:1      | Reached XP level 2. HP: 27/27 MP: 1/1
   258 | D:1      | Reached skill level 4 in Axes
   307 | D:1      | Reached ** piety under Trog
   456 | D:1      | Reached XP level 3. HP: 33/33 MP: 2/2
   551 | D:2      | Noticed Robin
   551 | D:2      | Noticed Sigmund
   921 | D:2      | Found an ancient bone altar of Kikubaaqudgha.
   941 | D:2      | Killed Sigmund
   941 | D:2      | Reached skill level 5 in Fighting
   941 | D:2      | Reached skill level 6 in Axes
   941 | D:2      | Reached XP level 4. HP: 20/42 MP: 3/3
   941 | D:2      | Reached XP level 5. HP: 23/48 MP: 4/4
  1005 | D:2      | Killed Robin
  1249 | D:2      | Found a blossoming altar of Fedhas.
  1358 | D:2      | Reached XP level 6. HP: 56/56 MP: 5/5
  1661 | D:3      | Reached *** piety under Trog
  2433 | D:4      | Reached skill level 7 in Axes
  2472 | D:4      | Found Vumimaz's Jewellery Boutique.
  2561 | D:4      | Found a stormy altar of Qazlal.
  2863 | D:4      | Found a glowing drain.
  2870 | Sewer    | Entered a sewer
  2951 | Sewer    | Reached **** piety under Trog
  3053 | Sewer    | Reached XP level 7. HP: 54/64 MP: 6/6
  3138 | Sewer    | Reached ***** piety under Trog
  3218 | Sewer    | Reached skill level 8 in Axes
  3528 | D:4      | Found a staircase to the Ecumenical Temple.
  3622 | D:4      | Found a bloodstained altar of Trog.
  3817 | D:5      | Entered Level 5 of the Dungeon
  3877 | D:5      | Noticed tijit's ghost (amateur MfSk)
  3884 | D:5      | Killed tijit's ghost
  3884 | D:5      | Reached skill level 9 in Axes
  4139 | D:5      | Reached XP level 8. HP: 73/73 MP: 7/7
  4348 | D:6      | Found a shadowy altar of Dithmenos.
  4354 | D:6      | Noticed Blork the orc
  4362 | D:6      | Found a sacrificial altar of Ru.
  4363 | D:6      | Killed Blork the orc
  4364 | D:6      | Found an oddly glowing altar of Pakellas.
  4364 | D:6      | Found a hide-covered altar of Uskayaw.
  4369 | D:6      | Found a white marble altar of Elyvilon.
  4369 | D:6      | Found a basalt altar of Yredelemnul.
  4433 | D:6      | Reached skill level 10 in Axes
  4437 | D:6      | Slain by an orc warrior

Vault maps used:
D:1:      minmay_arrival_arboretum_small
D:2:      kiku_gazebo_pond_becter, lemuel_round_altar, minmay_pentomino_r4,
          uniq_robin, uniq_sigmund
D:4:      lightli_temple_of_fire, lemuel_crystal_altar, serial_shops,
          shop_fountains, first_bread, portal_sewer_entry_e,
          kennysheep_small_spiral
D:5:      nrook_mini_vaults
D:6:      grunt_temple_overflow_open, basic_altar, uniq_blork_the_orc
Sewer:    sewer_minmay_treatment

Skill      XL: |  1  2  3  4  5  6  7  8 |
---------------+-------------------------+-----
Axes           | 4 6 7 9 10 | 10.0
Fighting       | 4 5 6 7 |  7.8
Armour         | |  2.7
Dodging        | |  2.5

Action                   |  1- 3 |  4- 6 |  7- 9 || total
-------------------------+-------+-------+-------++-------
Melee: Hand axe          |    56 |   189 |   118 ||   363
       Headbutt          |     7 |    39 |    19 ||    65
Throw: Javelin           |       |     3 |       ||     3
Invok: Berserk           |     2 |     1 |     2 ||     5
       Trog's Hand       |     1 |     1 |     3 ||     5
  Use: Scroll            |       |     9 |     5 ||    14
  Eat: Chunk             |     1 |    10 |     4 ||    15
       Fruit             |       |       |     3 ||     3
Armor: Animal skin       |     8 |       |       ||     8
       Ring mail         |     6 |    23 |       ||    29
       Chain mail        |       |    62 |    21 ||    83
       Scale mail        |       |       |    32 ||    32
Dodge: Dodged            |    44 |    77 |    56 ||   177
